[ AOE2 MATCH · #505684509 ]
UnrankedMongols vs Shu
Player's team · LOSS
Rival team · WIN
[ REPLAY ANALYSIS · EXTRACTED FROM THE RECORDED GAME ]
Feudal
9:32
Castle
27:36
Imperial
—
| APM avg | 72.8 |
| APM peak | 105 |
| eAPM avg | 28.1 |
| Villagers / military | 77 / 91 |
Focus
⚔️ 37.8% · 🌾 62.2%
Skirmisher ×45 · Cavalry Archer ×32 · Mangonel ×6 · Militia ×4 · Spearman ×3 · Battering Ram ×1
Feudal
8:36
Castle
27:13
Imperial
—
| APM avg | 55.9 |
| APM peak | 105 |
| eAPM avg | 24.2 |
| Villagers / military | 86 / 98 |
Focus
⚔️ 42.2% · 🌾 57.8%
Archer ×61 · Skirmisher ×22 · Unknown (1944) ×11 · Scout Cavalry ×8 · Mangonel ×7 · Unknown (1959) ×3
Match map
Initial resources + every placement click. Lines = walls · curves = elevation contours. ◆ gold · ⬟ stone · ● berries · ✦ relic · ◌ wall gap
Your base· Open — 3t gap
Noorda's base· Open — unwalled flank
Smoothed initial terrain · ◌ = detected wall gap · hover for details
Inputs per minute
— j1nkerS - - Noorda
Build order — j1nkerS
First 150 of 261 actions detected
| 0:00 | Queue | Villager (Male) |
| 0:00 | Queue | Villager (Male) |
| 0:01 | Queue | Villager (Male) |
| 0:03 | Build | House |
| 0:04 | Queue | Villager (Male) |
| 0:05 | Build | House |
| 1:25 | Queue | Villager (Male) |
| 1:25 | Queue | Villager (Male) |
| 1:52 | Queue | Villager (Male) |
| 2:03 | Build | Lumber Camp |
| 2:23 | Queue | Villager (Male) |
| 2:23 | Queue | Villager (Male) |
| 2:45 | Queue | Villager (Male) |
| 3:08 | Queue | Villager (Male) |
| 3:29 | Build | House |
| 3:48 | Research | Loom |
| 4:12 | Build | Palisade Wall |
| 4:15 | Queue | Villager (Male) |
| 4:16 | Queue | Villager (Male) |
| 4:16 | Queue | Villager (Male) |
| 4:40 | Build | Barracks |
| 5:23 | Queue | Villager (Male) |
| 5:25 | Queue | Villager (Male) |
| 5:25 | Queue | Villager (Male) |
| 5:25 | Queue | Villager (Male) |
| 5:42 | Build | House |
| 6:12 | Build | Palisade Wall |
| 6:13 | Build | Palisade Wall |
| 6:13 | Build | Palisade Wall |
| 6:18 | Queue | Villager (Male) |
| 6:27 | Build | Mill |
| 7:12 | Queue | Villager (Male) |
| 7:19 | Queue | Militia |
| 7:22 | Research | Feudal Age |
| 7:24 | Queue | Militia |
| 7:56 | Queue | Militia |
| 8:22 | Queue | Militia |
| 9:32 | Age | Feudal Age |
| 9:36 | Research | Man-at-Arms (upgrade) |
| 9:37 | Queue | Villager (Male) |
| 9:40 | Queue | Villager (Male) |
| 9:47 | Build | Archery Range |
| 10:00 | Build | Mining Camp |
| 10:03 | Research | Double-Bit Axe |
| 10:29 | Queue | Villager (Male) |
| 10:36 | Build | House |
| 10:37 | Build | House |
| 10:40 | Research | Town Watch |
| 10:59 | Queue | Skirmisher |
| 11:01 | Build | Mill |
| 11:23 | Queue | Villager (Male) |
| 11:40 | Queue | Villager (Male) |
| 11:43 | Queue | Skirmisher |
| 12:03 | Queue | Villager (Male) |
| 12:09 | Build | Blacksmith |
| 12:22 | Queue | Villager (Male) |
| 12:25 | Build | Palisade Wall |
| 12:29 | Queue | Villager (Male) |
| 12:48 | Build | House |
| 13:01 | Queue | Skirmisher |
| 13:13 | Research | Fletching |
| 13:14 | Queue | Villager (Male) |
| 13:38 | Queue | Skirmisher |
| 13:39 | Queue | Villager (Male) |
| 13:51 | Queue | Skirmisher |
| 14:02 | Build | Lumber Camp |
| 14:16 | Queue | Skirmisher |
| 14:22 | Build | Farm |
| 14:25 | Build | Farm |
| 14:25 | Build | Farm |
| 14:25 | Build | Farm |
| 14:26 | Build | Farm |
| 14:26 | Build | Farm |
| 14:37 | Queue | Villager (Male) |
| 15:01 | Queue | Skirmisher |
| 15:05 | Build | Farm |
| 15:08 | Build | Farm |
| 15:09 | Build | Farm |
| 15:11 | Queue | Villager (Male) |
| 15:34 | Queue | Skirmisher |
| 15:40 | Queue | Skirmisher |
| 15:45 | Build | House |
| 15:51 | Queue | Villager (Male) |
| 16:21 | Build | Farm |
| 16:22 | Queue | Skirmisher |
| 16:38 | Build | House |
| 16:39 | Build | House |
| 16:45 | Build | House |
| 16:47 | Build | House |
| 16:49 | Queue | Skirmisher |
| 16:51 | Queue | Skirmisher |
| 16:52 | Queue | Villager (Male) |
| 16:52 | Queue | Villager (Male) |
| 17:09 | Build | Farm |
| 17:10 | Build | Farm |
| 17:15 | Queue | Skirmisher |
| 17:22 | Queue | Villager (Male) |
| 17:29 | Queue | Skirmisher |
| 17:30 | Queue | Villager (Male) |
| 17:33 | Build | Farm |
| 17:37 | Build | Farm |
| 17:43 | Queue | Skirmisher |
| 17:59 | Build | House |
| 18:11 | Queue | Skirmisher |
| 18:17 | Queue | Skirmisher |
| 18:33 | Queue | Skirmisher |
| 18:34 | Queue | Villager (Male) |
| 18:35 | Queue | Villager (Male) |
| 18:35 | Queue | Villager (Male) |
| 18:43 | Queue | Skirmisher |
| 18:49 | Queue | Skirmisher |
| 18:59 | Research | Padded Archer Armor |
| 19:01 | Queue | Skirmisher |
| 19:10 | Build | Farm |
| 19:11 | Queue | Skirmisher |
| 19:27 | Queue | Villager (Male) |
| 19:51 | Build | Farm |
| 19:51 | Build | Farm |
| 19:52 | Build | Farm |
| 19:52 | Build | Farm |
| 19:52 | Build | Farm |
| 19:52 | Build | Farm |
| 19:56 | Queue | Skirmisher |
| 19:57 | Queue | Villager (Male) |
| 20:04 | Build | House |
| 20:15 | Queue | Villager (Male) |
| 20:20 | Build | Farm |
| 20:27 | Queue | Skirmisher |
| 20:38 | Queue | Skirmisher |
| 20:49 | Queue | Villager (Male) |
| 21:08 | Queue | Villager (Male) |
| 21:17 | Queue | Skirmisher |
| 21:29 | Queue | Villager (Male) |
| 21:39 | Queue | Villager (Male) |
| 21:54 | Queue | Skirmisher |
| 21:55 | Queue | Villager (Male) |
| 22:12 | Queue | Spearman |
| 22:38 | Queue | Villager (Male) |
| 22:54 | Queue | Villager (Male) |
| 23:13 | Build | Farm |
| 23:13 | Build | Farm |
| 23:14 | Build | Farm |
| 23:14 | Build | Farm |
| 23:18 | Queue | Skirmisher |
| 23:20 | Queue | Villager (Male) |
| 23:35 | Queue | Spearman |
| 23:44 | Queue | Villager (Male) |
| 23:46 | Build | Market |
| 24:11 | Queue | Spearman |
| 24:16 | Build | Farm |
Build order — Noorda
First 150 of 232 actions detected
| 0:00 | Queue | Villager (Male) |
| 0:00 | Queue | Villager (Male) |
| 0:02 | Build | House |
| 0:03 | Build | House |
| 0:08 | Queue | Villager (Male) |
| 0:11 | Queue | Villager (Male) |
| 1:24 | Queue | Villager (Male) |
| 1:45 | Build | Lumber Camp |
| 1:53 | Queue | Villager (Male) |
| 2:22 | Queue | Villager (Male) |
| 2:53 | Queue | Villager (Male) |
| 3:21 | Queue | Villager (Male) |
| 3:22 | Queue | Villager (Male) |
| 3:25 | Build | House |
| 3:56 | Queue | Villager (Male) |
| 4:27 | Queue | Villager (Male) |
| 4:48 | Queue | Villager (Male) |
| 4:55 | Queue | Villager (Male) |
| 4:56 | Queue | Villager (Male) |
| 4:59 | Research | Loom |
| 5:09 | Build | Palisade Wall |
| 5:10 | Build | Palisade Wall |
| 5:13 | Queue | Villager (Male) |
| 5:54 | Build | Mining Camp |
| 5:58 | Build | Mining Camp |
| 6:26 | Research | Feudal Age |
| 7:20 | Build | Barracks |
| 7:24 | Build | House |
| 7:50 | Queue | Villager (Male) |
| 8:15 | Build | House |
| 8:25 | Build | House |
| 8:28 | Build | Palisade Wall |
| 8:29 | Build | Palisade Wall |
| 8:30 | Build | Palisade Wall |
| 8:31 | Build | Palisade Wall |
| 8:36 | Age | Feudal Age |
| 8:38 | Build | Archery Range |
| 9:04 | Queue | Villager (Male) |
| 9:05 | Queue | Villager (Male) |
| 9:15 | Build | Palisade Wall |
| 9:17 | Build | Palisade Wall |
| 9:18 | Build | Palisade Wall |
| 9:29 | Build | Palisade Wall |
| 9:31 | Queue | Villager (Male) |
| 9:36 | Build | Watch Tower |
| 9:36 | Queue | Villager (Male) |
| 9:38 | Queue | Archer |
| 9:38 | Queue | Archer |
| 10:04 | Build | Palisade Wall |
| 10:16 | Queue | Archer |
| 10:23 | Build | Blacksmith |
| 10:30 | Queue | Archer |
| 10:32 | Queue | Villager (Male) |
| 10:45 | Build | Palisade Wall |
| 10:47 | Build | Palisade Wall |
| 11:00 | Queue | Archer |
| 11:02 | Research | Fletching |
| 11:20 | Build | Archery Range |
| 11:47 | Queue | Villager (Male) |
| 11:55 | Queue | Archer |
| 12:00 | Queue | Archer ×2 |
| 12:19 | Queue | Villager (Male) |
| 12:20 | Queue | Villager (Male) |
| 12:30 | Queue | Archer |
| 12:30 | Queue | Archer |
| 13:23 | Queue | Archer ×2 |
| 13:24 | Queue | Villager (Male) |
| 13:29 | Build | House |
| 13:35 | Build | Mill |
| 13:35 | Queue | Villager (Male) |
| 14:00 | Queue | Archer ×3 |
| 14:25 | Queue | Archer ×2 |
| 14:51 | Queue | Villager (Male) |
| 14:59 | Build | House |
| 15:01 | Build | House |
| 15:14 | Queue | Archer ×3 |
| 15:36 | Build | House |
| 15:37 | Queue | Villager (Male) |
| 15:38 | Queue | Archer |
| 16:03 | Queue | Archer ×2 |
| 16:04 | Queue | Villager (Male) |
| 16:04 | Queue | Villager (Male) |
| 16:25 | Build | House |
| 16:35 | Queue | Archer ×2 |
| 16:45 | Queue | Villager (Male) |
| 17:02 | Queue | Archer |
| 17:45 | Queue | Archer ×3 |
| 18:25 | Queue | Archer ×3 |
| 18:32 | Queue | Villager (Male) ×5 |
| 18:32 | Queue | Villager (Male) ×2 |
| 18:32 | Queue | Villager (Male) ×2 |
| 18:50 | Build | Market |
| 19:00 | Queue | Archer ×2 |
| 19:11 | Queue | Archer |
| 19:12 | Queue | Villager (Male) |
| 19:14 | Build | House |
| 19:15 | Build | House |
| 19:16 | Build | House |
| 19:20 | Build | Lumber Camp |
| 19:24 | Build | Farm |
| 19:24 | Build | Farm |
| 19:24 | Build | Farm |
| 19:24 | Build | Farm |
| 19:27 | Queue | Villager (Male) |
| 19:54 | Build | Stable |
| 20:31 | Queue | Villager (Male) |
| 20:39 | Build | Mining Camp |
| 21:31 | Queue | Scout Cavalry |
| 21:32 | Queue | Scout Cavalry |
| 21:34 | Build | House |
| 21:35 | Build | House |
| 21:35 | Build | House |
| 21:43 | Build | Farm |
| 21:44 | Build | Farm |
| 21:44 | Build | Farm |
| 21:47 | Build | Farm |
| 21:49 | Research | Double-Bit Axe |
| 22:15 | Queue | Villager (Male) |
| 22:15 | Queue | Villager (Male) |
| 22:57 | Queue | Scout Cavalry |
| 22:57 | Queue | Scout Cavalry |
| 22:58 | Queue | Villager (Male) ×3 |
| 22:59 | Build | House |
| 23:06 | Build | Farm |
| 23:13 | Build | Mining Camp |
| 23:13 | Queue | Villager (Male) |
| 23:47 | Build | Stable |
| 24:33 | Research | Castle Age |
| 24:34 | Research | Castle Age |
| 24:38 | Build | House |
| 24:39 | Build | House |
| 24:42 | Build | Farm |
| 24:43 | Research | Horse Collar |
| 24:43 | Research | Horse Collar |
| 25:18 | Queue | Scout Cavalry |
| 25:44 | Queue | Archer ×5 |
| 25:44 | Queue | Villager (Male) |
| 25:46 | Queue | Archer ×4 |
| 25:49 | Research | Padded Archer Armor |
| 25:49 | Research | Padded Archer Armor |
| 25:58 | Build | Outpost |
| 26:16 | Build | Outpost |
| 26:22 | Queue | Scout Cavalry |
| 26:23 | Queue | Villager (Male) |
| 27:13 | Age | Castle Age |
| 27:17 | Research | Bodkin Arrow |
| 27:32 | Build | House |
| 27:43 | Queue | Scout Cavalry ×2 |
| 28:01 | Build | Castle |
| 28:06 | Queue | Villager (Male) |
Match timeline
| 4:12 | j1nkerS · wall_segment Palisade Wall x11 |
| 4:40 | j1nkerS · first_building Barracks |
| 5:09 | Noorda · wall_segment Palisade Wall x1 |
| 5:10 | Noorda · wall_segment Palisade Wall x1 |
| 6:12 | j1nkerS · wall_segment Palisade Wall x1 |
| 6:13 | j1nkerS · wall_segment Palisade Wall x1 |
| 6:13 | j1nkerS · wall_segment Palisade Wall x1 |
| 7:20 | Noorda · first_building Barracks |
| 8:28 | Noorda · wall_segment Palisade Wall x1 |
| 8:29 | Noorda · wall_segment Palisade Wall x1 |
| 8:30 | Noorda · wall_segment Palisade Wall x1 |
| 8:31 | Noorda · wall_segment Palisade Wall x1 |
| 8:36 | Noorda · age_up feudal |
| 8:38 | Noorda · first_building Archery Range |
| 9:15 | Noorda · wall_segment Palisade Wall x1 |
| 9:17 | Noorda · wall_segment Palisade Wall x1 |
| 9:18 | Noorda · wall_segment Palisade Wall x1 |
| 9:29 | Noorda · wall_segment Palisade Wall x1 |
| 9:32 | j1nkerS · age_up feudal |
| 9:47 | j1nkerS · first_building Archery Range |
| 10:04 | Noorda · wall_segment Palisade Wall x1 |
| 10:45 | Noorda · wall_segment Palisade Wall x1 |
| 10:47 | Noorda · wall_segment Palisade Wall x1 |
| 12:25 | j1nkerS · wall_segment Palisade Wall x6 |
| 19:54 | Noorda · first_building Stable |
| 21:38 | Noorda · first_market_buy 100 food |
| 23:50 | Noorda · first_market_sell 100 wood |
| 26:27 | j1nkerS · first_building Stable |
| 27:13 | Noorda · age_up castle |
| 27:36 | j1nkerS · age_up castle |
| 28:01 | Noorda · first_building Castle |
| 29:28 | Noorda · first_building Siege Workshop |
| 30:30 | j1nkerS · first_building Siege Workshop |
| 34:02 | j1nkerS · first_market_sell 100 wood |
| 36:33 | j1nkerS · first_market_buy 100 food |
| 38:32 | Noorda · wall_segment Palisade Wall x1 |
| 38:35 | Noorda · wall_segment Palisade Wall x1 |
| 41:32 | j1nkerS · resign |
[ AI ANALYSIS · 1 CREDIT ]
What really happened in this match?
Wolo.gg analyzes every decision: build order, eco, micro, common mistakes by bracket. Personalized analysis on WhatsApp or Discord in 30 seconds.
Civ guide
Mongols
Perfil
j1nkerS